 Dungeon Crawl Stone Soup version 0.20.1-1-g8b1a95d (webtiles) character file.

116 darkhara the Firebug (level 4, -8/33 HPs)
             Began as a Demigod Fire Elementalist on Sept 6, 2017.
             Mangled by an iguana (13 damage)
             ... on level 4 of the Dungeon.
             The game lasted 00:11:37 (1195 turns).

darkhara the Firebug (Demigod Fire Elementalist)    Turns: 1195, Time: 00:11:37

Health: -8/33      AC:  6    Str:  8 (11) XL:     4   Next: 43%
Magic:  2/10       EV: 12    Int: 18 (21) God:
Gold:   97         SH:  0    Dex: 14 (16) Spells: 1/8 levels left

rFire    . . .     SeeInvis .   e - +0 whip
rCold    . . .     Gourm    .   (no shield)
rNeg     . . .     Faith    .   f - +3 leather armour
rPois    .         Spirit   .   (no helmet)
rElec    .         Reflect  .   (no cloak)
rCorr    .         Harm     .   (no gloves)
MR       .....                  (no boots)
Stlth    ++........             (no amulet)
Regen    0.2/turn               (no ring)
MPRegen  0.2/turn               (no ring)

@: no status effects
A: high mp 1
a: no special abilities


You were on level 4 of the Dungeon.
You were very hungry.

You visited 1 branch of the dungeon, and saw 4 of its levels.

You collected 97 gold pieces.

Inventory:

Hand Weapons
 e - a +0 whip (weapon)
Missiles
 g - 17 poisoned needles
Armour
 a - a +0 robe
 f - a +3 leather armour (worn)
 j - a +0 large shield
Wands
 h - a wand of iceblast (7/15)
Scrolls
 d - a scroll of magic mapping {unknown}
 m - a scroll of recharging
Potions
 i - a potion of agility
Books
 b - a book of Flames

   Spells                             Type                      Level
   a - Flame Tongue                   Conjuration/Fire             1
   b - Throw Flame                    Conjuration/Fire             2
   c - Conjure Flame                  Conjuration/Fire             3
   d - Inner Flame                    Hexes/Fire                   3
   e - Sticky Flame                   Conjuration/Fire             4
   f - Fireball                       Conjuration/Fire             5
Comestibles
 c - 2 bread rations
 l - a meat ration


   Skills:
 + Level 0.1 Fighting
 + Level 1.1 Armour
 + Level 2.1 Dodging
 + Level 2.1 Stealth
 + Level 2.7 Spellcasting
 + Level 1.5 Conjurations
 + Level 3.4 Fire Magic


You had one spell level left.
You knew the following spells:

 Your Spells              Type           Power        Failure   Level  Hunger
a - Flame Tongue          Conj/Fire      ##...        9%          1    #......
b - Throw Flame           Conj/Fire      ##....       13%         2    ##.....
c - Sticky Flame          Conj/Fire      ##......     63%         4    #####..


Dungeon Overview and Level Annotations

Branches:
Dungeon (4/15)
 Temple: D:4-7

Annotations:
D:3 Robin


Innate Abilities, Weirdness & Mutations

You have an increased reservoir of magic. (+10% MP)


Message History

Casting: Flame Tongue
Confirm with . or Enter, or press ? or * to list all spells.
You don't know that spell.
You hit the iguana but do no damage.
The iguana is lightly wounded.
The iguana bites you. The iguana barely misses you. The iguana bites you!
* * * LOW HITPOINT WARNING * * *
You open the door. The iguana bites you.
* * * LOW HITPOINT WARNING * * *
It was a potion of degeneration.
There was something very wrong with that liquid.
You feel weakened.
You feel dopey.
You feel clumsy. The iguana closely misses you.
There is an open door here.
The iguana bites you but does no damage.
The iguana barely misses you.
You open the door. The iguana bites you!
You die...

#..........
#.........
#........
#.......
#......##### .
#......#...# .8
#..†.).#...+
...#...<..'@..#
..........#l..#
...#......#...#
. ##.....#...#
#.....'...#
+.....#...#
#.....#...#
........#...#
.........#...#


You could see an iguana.

Vanquished Creatures
  An orc priest (D:3)
  An orc wizard (D:3)
  An adder (D:3)
  An ooze (D:1)
  A dart slug (D:1)
  A leopard gecko (D:2)
  An orc (D:3)
  4 giant cockroaches
  5 hobgoblins
  4 kobolds (D:1)
  4 quokkas
  4 bats
  4 frilled lizards
  8 goblins
  3 rats
43 creatures vanquished.

Notes
Turn   | Place    | Note
-------+----------+-------------------------------------------
     0 | D:1      | darkhara the Demigod Fire Elementalist began the quest for the Orb.
     0 | D:1      | Reached XP level 1. HP: 14/14 MP: 5/5
    41 | D:1      | Reached skill level 3 in Fire Magic
   112 | D:1      | Reached XP level 2. HP: 20/20 MP: 4/7
   135 | D:1      | Learned a level 2 spell: Throw Flame
   406 | D:1      | Reached skill level 1 in Conjurations
   875 | D:2      | Reached XP level 3. HP: 26/26 MP: 5/8
  1063 | D:3      | Reached skill level 1 in Armour
  1143 | D:3      | Reached XP level 4. HP: 33/33 MP: 6/10
  1149 | D:3      | Learned a level 4 spell: Sticky Flame
  1157 | D:3      | Noticed Robin
  1195 | D:4      | Mangled by an iguana

Skill      XL: |  1  2  3 |
---------------+----------+-----
Fire Magic     | 3 |  3.4
Spellcasting   | 2 |  2.7
Conjurations   | 1 |  1.5
Dodging        | 2 |  2.1
Armour         | 1 |  1.1
Stealth        | 2 |  2.1
Fighting       | |  0.1

Action                   |  1- 3 |  4- 6 || total
-------------------------+-------+-------++-------
Melee: Dagger            |    12 |       ||    12
       Whip              |    22 |     7 ||    29
 Cast: Flame Tongue      |    54 |    10 ||    64
  Use: Scroll            |     5 |       ||     5
       Potion            |       |     1 ||     1
Armor: Robe              |     1 |       ||     1
       Leather armour    |    13 |     7 ||    20
Dodge: Dodged            |    39 |    15 ||    54
